 Dungeon Crawl Stone Soup version 0.24.1 (webtiles) character file.

Game seed: 11598802084418074109, levelgen mode: deterministic

112 Curus the Cudgeler (level 4, 0/39 HPs)
             Began as a Minotaur Fighter on Mar 29, 2020.
             Was an Initiate of Okawaru.
             Succumbed to a kobold's poison
             ... on level 3 of the Dungeon.
             The game lasted 00:09:08 (1785 turns).

Curus the Cudgeler (Minotaur Fighter)               Turns: 1785, Time: 00:09:08

Health: 0/39       AC: 11    Str: 25    XL:     4   Next: 63%
Magic:  3/3        EV:  4    Int:  6    God:    Okawaru [......]
Gold:   66         SH: 12    Dex: 10    Spells: 3/3 levels left

rFire    . . .     SeeInvis .   a - +0 flail
rCold    . . .     Gourm    .   c - +1 shield
rNeg     . . .     Faith    .   e - +0 plate armour
rPois    .         Spirit   .   (helmet restricted)
rElec    .         Reflect  +   (no cloak)
rCorr    .         Harm     .   (no gloves)
MR       .....                  (no boots)
Stlth    ..........             g - +2 amulet of reflection
HPRegen  0.13/turn              (no ring)
MPRegen  0.08/turn              (no ring)

@: mighty, lethally poisoned (0 -> -8), slowed, drained, very slow
A: retaliatory headbutt, horns 2
a: Renounce Religion


You were on level 3 of the Dungeon.
You worshipped Okawaru.
Okawaru was noncommittal.
You were hungry.

You visited 1 branch of the dungeon, and saw 4 of its levels.

You collected 66 gold pieces.

Inventory:

Hand Weapons
 a - a +0 flail (weapon)
Armour
 b - a +0 scale mail
 c - a +1 shield (worn)
 e - a +0 plate armour (worn)
Jewellery
 g - a +2 amulet of reflection (around neck)
Comestibles
 f - 3 rations


   Skills:
 - Level 3.6(2.7) Fighting
 + Level 6.0(5.0) Maces & Flails
 - Level 3.6(2.7) Armour
 - Level 3.6(2.7) Shields


You had 3 spell levels left.
You didn't know any spells.
Your spell library was empty.

Dungeon Overview and Level Annotations

Branches:
Dungeon (4/15)
 Temple: D:4-7

Altars:
Okawaru


Innate Abilities, Weirdness & Mutations

You reflexively headbutt those who attack you in melee.
You have a pair of horns on your head.


Message History

The orc wizard casts a spell.
The orc wizard blinks!
* * * LOW HITPOINT WARNING * * *
You feel sick. You block the orc wizard's attack. x2
You block the kobold's attack. The frilled lizard barely misses you.
* * * LOW HITPOINT WARNING * * *
You feel sick.
An orc wizard appears from thin air!
Reactivating autopickup.
The orc wizard points at you and mumbles some strange words.
The magic dart hits you.
* * * LOW HITPOINT WARNING * * *
* * * LOW HITPOINT WARNING * * *
You feel sick.
The orc wizard mumbles some strange words.
The orc wizard blinks!
The orc wizard casts a spell.
The orc wizard flickers and vanishes!
Deactivating autopickup; reactivate with Ctrl-A.
You feel very mighty all of a sudden.
You die...

,,>,,,,,,,,,,,,,,,,,,,,,,,* ****
**,*****,,,,,,,******,....* *,,,
**,* *,,,,,,,,,* *.....* *,,,
**,* *,,,,,,,,,* #....,** *,,,
**,* *,,,,,,**** ###..#*,,* *,,,
**,* *,,,,,,* #....#**,**#,,,
**,***,,,.,,** #.(..# *,#..,,,
,,,,,,,,,....######{...###...#***
**,,,,,,,......o@Kl...........,,,
*,,,*,*,#.#.######gg...$.....,,,
**,*,*,*,*,*,* #....###.,,,**,
,,,,,,,,,*,*,* ####.# *,,,,#*,
**,,,,,*,,,*,** #)# *,,..#*,
,,,,,,,,,,,,,,* #.###....#*,
,,,,,,,*,,,,,,* #.<.h....#*,
**,<**,***,,,,*******#....##..#,,
,,,,,,,,,,,,,,,,,,,,......#*,,,,,


You could see an orc wizard, a hobgoblin, a goblin, a kobold and a frilled
lizard.

Vanquished Creatures
  A hound skeleton (D:4)
  2 gnolls (D:3)
  3 adders
  A worm (D:4)
  2 dart slugs
  An orc (D:3)
  4 giant cockroaches
  5 goblins
  A hobgoblin (D:2)
  3 jackals (D:3)
  2 quokkas (D:2)
  11 bats
  2 frilled lizards (D:2)
  5 kobolds
  6 rats
49 creatures vanquished.

Notes
Turn   | Place    | Note
-------+----------+-------------------------------------------
     0 | D:1      | Curus the Minotaur Fighter began the quest for the Orb.
     0 | D:1      | Reached XP level 1. HP: 19/19 MP: 0/0
    81 | D:1      | Reached skill level 3 in Maces & Flails
    91 | D:1      | Reached XP level 2. HP: 21/26 MP: 1/1
   529 | D:1      | Reached skill level 4 in Maces & Flails
   687 | D:2      | Reached XP level 3. HP: 28/31 MP: 2/2
   800 | D:2      | Found a faded altar of an unknown god.
   992 | D:2      | You fall into a shaft and drop 2 floors!
  1009 | D:4      | Reached skill level 5 in Maces & Flails
  1033 | D:3      | Reached XP level 4. HP: 17/39 MP: 3/3
  1290 | D:2      | Found an iron altar of Okawaru.
  1298 | D:2      | Became a worshipper of Warmaster Okawaru
  1766 | D:3      | Reached skill level 6 in Maces & Flails
  1783 | D:3      | HP: 1/39 [orc wizard/magic dart (2)]
  1785 | D:3      | Succumbed to a kobold's poison

Levels and vault maps discovered:
D:1:      lightli_arrival_chessboard, layout_loops_cross
D:2:      wad_crossroads, layout_basic, okawaru_gym_becter,
          chequers_ecumenical_altar_grove, minmay_cupped
D:3:      layout_basic, lemuel_doored_altar, lemuel_coloured_pillars_altar,
          nemelex_altar_shiori, uniq_ijyb, uniq_terence
D:4:      layout_rooms, serial_shops, shop, grunt_gozag_breadcrumbs

Skill      XL: |  1  2  3  4 |
---------------+-------------+-----
Maces & Flails | 3 4 5 6 |  6.0
Fighting       | |  3.6
Armour         | |  3.6
Shields        | |  3.6

Action                   |  1- 3 |  4- 6 || total
-------------------------+-------+-------++-------
Melee: Flail             |   108 |    46 ||   154
       Headbutt          |    16 |     5 ||    21
  Use: Potion            |     3 |     1 ||     4
       Scroll            |     2 |     2 ||     4
  Eat: Chunk             |       |     2 ||     2
Armor: Scale mail        |    16 |       ||    16
       Plate armour      |    29 |    31 ||    60
Dodge: Dodged            |    20 |    11 ||    31
Block: Shield            |    70 |    45 ||   115
       Reflection        |     1 |     4 ||     5
